[Event "Early-Titled-Tuesday-Blitz-May-28-2024"]
[Site "Chess.com"]
[Date "2024.05.28"]
[Round "7"]
[White "ab-lsv"]
[Black "kecalk"]
[Result "1-0"]
[WhiteElo "2372"]
[BlackElo "2536"]
[TimeControl "180+1"]
[EndTime "9:18:52 PDT"]
[Termination "ab-lsv won by checkmate"]

1. d4 Nf6 2. c4 e6 3. Nc3 Bb4 4.
Qc2 d6 5. Nf3 c5 6. dxc5 dxc5 7.
Bg5 h6 8. Rd1 Qe7 9. Bf4 Nbd7 10. Bd6 Qd8 11. e4 Ng8 12. a3 Ba5 13. b4 cxb4 14.
axb4 Bc7 15. Nb5 Bxd6 16. Nxd6+ Kf8 17. Be2 Ne7 18. O-O Qc7 19. Qd2 Nf6 20. Ne5 g5 21. Ndxf7 Rh7 22. Qd8+ Qxd8 23. Rxd8+ Kg7 24. Nd6 Rh8 25. Rxh8 Kxh8 26. Rd1 Kg7 27. c5 a6 28. f3 Kf8 29. Kf2 Ne8 30. Bc4 Nc7 31. Ke3 Rb8 32. h4 Kg7 33. hxg5 hxg5 34. Rh1 b6 35. c6 b5 36. Bb3 Rb6 37. Rc1 Kf8 38. Kd4 Rb8 39. Kc5 Ne8 40. Rh1 Nf6 41. Rh8+ Neg8 42. c7 Ra8 43.
Kc6 Ke7 44. Nxc8+ Rxc8 45. Kb7 Kd6 46. Kxc8 Kxe5 47. Kd8 Kf4 48. c8=Q Kg3 49. Qc2 e5 50. Rh3+ Kf4 51. Qd2# 1-0

[Event "Early-Titled-Tuesday-Blitz-May-28-2024"]
[Site "Chess.com"]
[Date "2024.05.28"]
[Round "7"]
[White "wild3000"]
[Black "MathiasWomacka"]
[Result "1-0"]
[WhiteElo "2370"]
[BlackElo "2508"]
[TimeControl "180+1"]
[EndTime "9:18:53 PDT"]
[Termination "wild3000 won on time"]

1. d4 Nf6 2. Nf3 e6 3. c4 Bb4+ 4. Bd2 Qe7 5. Nc3 b6 6. g3 Bb7 7.
Bg2 O-O 8. O-O d6 9. e3 Nbd7 10. a3 Bxc3 11. Bxc3 c5 12. b4 cxd4 13. exd4 Rac8 14. Qe2 Rc7 15. Bb2 Rfc8 16. Rac1 h6 17. d5 e5 18. Nd4 Qf8 19. Nb5 Ba6 20. Nxc7 Rxc7 21. f4 Qc8 22. fxe5 dxe5 23. b5 Bb7 24. Bxe5 Nxe5 25. Qxe5 Rxc4 26. Rxc4 Qxc4 27. d6 Bxg2 28. Kxg2 Qd3 29. Rf3 Qd2+ 30. Rf2 Qd3 31. Rxf6 gxf6 32. Qe8+ Kg7 33. d7 Qd5+ 34. Kf2 Qd2+ 35. Kf3 Qd3+ 36. Kg4 Qd1+ 37. Kh3 Qh5+ 38. Kg2 Qd5+ 39. Kf2 Qd2+ 40. Kf3 Qd3+ 41. Kf4 Qd4+ 42. Kf5 Qd5+ 43. Kg4 Qd1+ 44. Kh4 Qd4+ 45. Kh3 h5 46. d8=Q Qg4+ 47. Kg2 Qc4 48. Qh8+ Kg6 49. Qdg8+ Kf5 50. Qxh5+ Ke6 51. Qgxf7+ Kd6 52. Qxc4 1-0

[Event "Early-Titled-Tuesday-Blitz-May-28-2024"]
[Site "Chess.com"]
[Date "2024.05.28"]
[Round "7"]
[White "Djager97"]
[Black "Lennis93"]
[Result "0-1"]
[WhiteElo "2551"]
[BlackElo "2770"]
[TimeControl "180+1"]
[EndTime "9:18:55 PDT"]
[Termination "Lennis93 won by resignation"]

1. e4 c5 2. Nf3 e6 3. b3 b6 4.
Bb2 Bb7 5. Bd3 Nc6 6. Nc3 Nf6 7. Qe2 Nb4 8. e5 Nfd5 9. Nxd5 Nxd3+ 10. Qxd3 Bxd5 11.
O-O-O a5 12. a4 Qc7 13. c4 Bc6 14. Qe3 d5 15. exd6 Bxd6 16. Bxg7 Rg8 17. Qc3 O-O-O 18.
Rhe1 f5 19. Be5 Rxg2 20. Bxd6 Qxd6 21. Ne5 Be8 22. Qf3 Rg7 23. Qa8+ Qb8 24. Qxb8+ Kxb8 25. Rg1 Rc7 26. Rg8 Kc8 27. Rdg1 Bg6 28. Nxg6 hxg6 29.
Rxd8+ Kxd8 30. Rxg6 Re7 31. f4 Kd7 32. Kd1 Rh7 33. Kc2 Rxh2 34. Rg7+ Kc6 35. Kd3 Rh1 36. Re7 Re1 37. Re8 Re4 38. Re7 Kd6 39. Rb7 Kc6 40.
Re7 Kd6 41. Rb7 Rxf4 42. Rxb6+ Ke5 43. Rb5 Rd4+ 44. Kc3 Kd6 45. Rxa5 e5 46. Ra6+ Ke7 47. Ra7+ Kf6 48. a5 f4 49. a6 Rd6 50. Ra8 Kg7 51. b4 cxb4+ 52. Kxb4 Rxd2 53. a7 Ra2 54. c5 f3 55. c6 f2 56. c7 f1=Q 57. Rg8+ Kxg8 58. c8=Q+ Qf8+ 59. Qxf8+ Kxf8 0-1

[Event "Early-Titled-Tuesday-Blitz-May-28-2024"]
[Site "Chess.com"]
[Date "2024.05.28"]
[Round "7"]
[White "hsd2016"]
[Black "Let_it_be_1"]
[Result "1-0"]
[WhiteElo "2434"]
[BlackElo "2586"]
[TimeControl "180+1"]
[EndTime "9:18:55 PDT"]
[Termination "hsd2016 won on time"]

1. Nf3 d5 2. b3 e6 3. Bb2 Nf6 4. g3 Be7 5. Bg2 O-O 6. O-O c5 7. d4 cxd4 8. Nxd4 Nc6 9. Nxc6 bxc6 10. c4 Qb6 11. Nd2 a5 12. Qc2 a4 13. e4 Ba6 14. exd5 cxd5 15. Rfc1 Ng4 16. c5 Qb5 17. bxa4 Qe2 18. Nb3 Rfc8 19. h3 Nf6 20. Qxe2 Bxe2 21.
Bf1 Bxf1 22. Kxf1 Rxa4 23. Bd4 Ne4 24. Ke2 f6 25. Kd3 Rc6 26. g4 Kf7 27. h4 g6 28.
f3 Ng3 29. Bf2 Ne4 30. fxe4 Rxe4 31. Rg1 Ra4 32. g5 e5 33. gxf6 Bxf6 34. Rgf1 e4+ 35. Kc2 Bxa1 36. Rxa1 Kf6 37. Bd4+ Ke6 38. Rf1 Rxa2+ 39.
Kc3 Rh2 40. Rf6+ Kd7 41. Rf7+ Ke6 42. Rxh7 Kf5 43. Na5 Rc7 44. Rxc7 Rh3+ 45. Kb4 Rd3 46. Nb3 e3 47. Re7 Kf4 48. c6 Rxb3+ 49. Kxb3 e2 50. Rxe2 1-0

[Event "Early-Titled-Tuesday-Blitz-May-28-2024"]
[Site "Chess.com"]
[Date "2024.05.28"]
[Round "7"]
[White "AlexandraSamaganova"]
[Black "Iskusnyh"]
[Result "0-1"]
[WhiteElo "2402"]
[BlackElo "2621"]
[TimeControl "180+1"]
[EndTime "9:18:57 PDT"]
[Termination "Iskusnyh won by checkmate"]

1. c4 e5 2. Nc3 Bb4 3. Qc2 Nf6 4.
g3 c5 5. Bg2 Nc6 6. e3 O-O 7.
Nge2 d6 8. Nd5 Nxd5 9. cxd5 Ne7 10. O-O Bg4 11. f3 Bd7 12. e4 f5 13. d3 Kh8 14. b3 Ng8 15. Bb2 Nf6 16. h3 fxe4 17. dxe4 Bb5 18. Rfd1 Nh5 19. g4 Bxe2 20. Qxe2 Nf4 21.
Qf1 c4 22. bxc4 Bc5+ 23. Kh1 Qh4 24. Bc3 Bf2 25. Be1 Bg3 26. Rd2 Rac8 27. Rc1 Bxe1 28.
Qxe1 Qxe1+ 29. Rxe1 Rxc4 30. Bf1 Rc3 31. Bg2 Rfc8 32.
Rb1 b6 33. Kh2 h5 34. Kg3 Kh7 35. Rbb2 Kh6 36. h4 hxg4 37. Kxg4 Rf8 38. Bf1 Nh5 39. Rf2 Rf4+ 40. Kh3 Rcxf3+ 41. Rxf3 Rxf3+ 42. Kg2 Ra3 43. Be2 Nf4+ 44. Kf1 g5 45. hxg5+ Kxg5 46. Bb5 Kg4 47. Bd7+ Kf3 48. Bf5 Rc3 49. Ke1 Ke3 50. Kd1 Nd3 51. Rh2 Rc1# 0-1

[Event "Early-Titled-Tuesday-Blitz-May-28-2024"]
[Site "Chess.com"]
[Date "2024.05.28"]
[Round "7"]
[White "Chopper1905"]
[Black "alexrustemov"]
[Result "1-0"]
[WhiteElo "2967"]
[BlackElo "2828"]
[TimeControl "180+1"]
[EndTime "9:18:58 PDT"]
[Termination "Chopper1905 won on time"]

1. d4 d5 2. c4 dxc4 3. Nf3 Nf6 4. e3 e6 5. Bxc4 c5 6. O-O a6 7. dxc5 Bxc5 8. Qxd8+ Kxd8 9. Be2 Ke7 10. Nc3 Bd7 11. Nd2 Bc6 12. Nb3 Bd6 13. Na5 Bb4 14. Nxc6+ Nxc6 15.
Bd2 Rhd8 16. Rfd1 Rac8 17. a3 Bd6 18. Be1 Ne5 19. Rac1 Nc4 20. Na4 Ne5 21. Nb6 Rxc1 22. Rxc1 Ke8 23. h3 Nfd7 24. Ba5 Nxb6 25. Bxb6 Rd7 26.
f4 Ng6 27. Rc8+ Ke7 28. Kf2 f5 29. Bc4 Kf7 30. g4 Ne7 31. Rh8 h6 32. gxf5 Nxf5 33.
e4 Nh4 34. f5 Re7 35. Bd8 Kf6 36. fxe6 Ng6 37. Bd5 Ne5 38. Rf8+ Kg6 39. Bxe7 Bxe7 40. Re8 Kf6 41. Bxb7 a5 42. Bd5 Nd3+ 43. Kf3 Nxb2 44. e5+ Kxe5 45. Rxe7 Kxd5 46. Rb7 Nc4 47. e7 Ne5+ 48. Ke2 Nc4 49. e8=Q Kd4 50. Rd7+ Kc3 51.
Rc7 Kb3 52. Qb5+ 1-0

[Event "Early-Titled-Tuesday-Blitz-May-28-2024"]
[Site "Chess.com"]
[Date "2024.05.28"]
[Round "7"]
[White "JonasEilenberg"]
[Black "stollenmonster"]
[Result "1-0"]
[WhiteElo "2620"]
[BlackElo "2860"]
[TimeControl "180+1"]
[EndTime "9:18:58 PDT"]
[Termination "JonasEilenberg won on time"]

1. d4 Nf6 2. c4 e6 3. Nc3 d5 4.
Bg5 Be7 5. Nf3 Ne4 6. Bxe7 Qxe7 7. Qc2 f5 8. cxd5 Nxc3 9. Qxc3 exd5 10. Ne5 O-O 11. e3 c6 12. Bd3 Nd7 13. f4 Nxe5 14.
fxe5 Qh4+ 15. g3 Qh3 16. Bf1 Qh5 17. Bg2 Be6 18. O-O g5 19. Qb4 Rab8 20. Rf2 Rf7 21.
Raf1 Rd8 22. a4 Qg6 23. a5 h5 24. Kh1 h4 25. gxh4 g4 26. Rf4 Qh5 27. Qe1 Rh7 28.
Qg3 Qxh4 29. Kg1 Qxg3 30. hxg3 b6 31. Rc1 Rc7 32. axb6 axb6 33. b4 Rdc8 34. Rff1 c5 35. dxc5 bxc5 36. b5 c4 37. Rfd1 Rc5 38. b6 Rb8 39.
Rb1 Kf7 40. b7 Ke7 41. Rb6 c3 42. Rc1 Rc7 43. Rb3 d4 44. Ra3 dxe3 45. Raxc3 Rxc3 46. Rxc3 Bd7 47. Rxe3 Ke6 48. Rd3 Bb5 49. Rc3 Be2 50.
Rc8 Rxb7 51. Bxb7 1-0

[Event "Early-Titled-Tuesday-Blitz-May-28-2024"]
[Site "Chess.com"]
[Date "2024.05.28"]
[Round "7"]
[White "bazar-wokzal"]
[Black "RandomNoob04"]
[Result "0-1"]
[WhiteElo "2580"]
[BlackElo "2775"]
[TimeControl "180+1"]
[EndTime "9:18:58 PDT"]
[Termination "RandomNoob04 won by resignation"]

1. e4 d5 2. exd5 Qxd5 3. Nc3 Qa5 4. Nf3 Nf6 5. d4 Bf5 6. Ne5 c6 7. g4 Bg6 8. h4 Nbd7 9. Nc4 Qc7 10. h5 Be4 11.
Nxe4 Nxe4 12. Qf3 Nd6 13. Bf4 Nf6 14. O-O-O Nd5 15. Bg3 O-O-O 16. g5 Kb8 17. g6 hxg6 18.
hxg6 Rxh1 19. Qxh1 fxg6 20. Bd3 g5 21. Qh5 Nf4 22.
Qxg5 Nxd3+ 23. Rxd3 Qd7 24. Ne5 Qe6 25. Rb3 Ka8 26. Qf4 g5 27. Qf3 Nf5 28. c3 Bg7 29. Nd3 Bxd4 30. Rb4 Bb6 31. Re4 Qd7 32. Kc2 Qd5 33.
Qe2 Qxa2 34. Nb4 Qa4+ 35. b3 Qa1 36. Re5 Nxg3 37. fxg3 a5 38. Nd3 Qa2+ 39. Nb2 Qa3 40. Rxe7 Qd6 41. Re8 Ka7 42. Rxd8 Bxd8 43. Nc4 Qxg3 44.
Qd2 Bc7 45. Qd4+ b6 46. Qd7 Kb7 47. b4 axb4 48. cxb4 Qg2+ 49. Kb3 Qd5 50. Qg7 b5 0-1

[Event "Early-Titled-Tuesday-Blitz-May-28-2024"]
[Site "Chess.com"]
[Date "2024.05.28"]
[Round "7"]
[White "DominguezOnYoutube"]
[Black "js20000"]
[Result "1-0"]
[WhiteElo "2985"]
[BlackElo "2701"]
[TimeControl "180+1"]
[EndTime "9:18:59 PDT"]
[Termination "DominguezOnYoutube won by resignation"]

1. e4 d6 2. d4 Nf6 3. Nc3 e6 4.
f4 Nc6 5. Nf3 d5 6. e5 Ne4 7. a3 Nxc3 8. bxc3 Na5 9. Bd3 c5 10.
O-O c4 11. Be2 Be7 12. a4 Bd7 13. Ba3 Bxa3 14. Rxa3 Qe7 15. Ra1 O-O-O 16. Nd2 f5 17. exf6 gxf6 18. Bh5 e5 19. fxe5 fxe5 20. Re1 e4 21. Nf1 Qg5 22. Ne3 Rhg8 23. Qe2 Rdf8 24. Rf1 Nc6 25. Bf7 Ne7 26. Bxg8 Rxg8 27. Rf7 Be6 28.
Rf2 Ng6 29. Raf1 Kd7 30. a5 Nh4 31. Kh1 a6 32. Rf6 Rg6 33. Rxg6 Nxg6 34. Qf2 h5 35.
Qg3 Qxg3 36. hxg3 Ne7 37. Kh2 Nc6 38. Ra1 Kc7 39. g4 hxg4 40. Kg3 b6 41. axb6+ Kxb6 42. Nxg4 Na7 43. Ne3 Nb5 44. Nd1 a5 45. Kf4 Bd7 46. g4 Nc7 47. Ne3 a4 48. Ke5 Bc6 49. g5 Ka5 50. Kd6 Kb6 51. g6 Nb5+ 52. Ke5 Be8 53. Nxd5+ Ka5 54. g7 Bf7 55. Kxe4 a3 56. Ke5 Ka4 57.
Nb6+ Ka5 58. Nd7 Ka4 59. Nf6 Nxc3 60. d5 a2 61. d6 Ka3 62. d7 1-0

[Event "Early-Titled-Tuesday-Blitz-May-28-2024"]
[Site "Chess.com"]
[Date "2024.05.28"]
[Round "7"]
[White "GoltsevDmitry2000"]
[Black "KhBegmuratov"]
[Result "0-1"]
[WhiteElo "2746"]
[BlackElo "2697"]
[TimeControl "180+1"]
[EndTime "9:19:01 PDT"]
[Termination "KhBegmuratov won by checkmate"]

1. d4 Nf6 2. Nc3 d5 3. Bf4 e6 4. e3 a6 5. Bd3 b5 6. Nf3 Bb7 7. Ne5 c5 8. g4 c4 9. Bf1 b4 10. Ne2 Nc6 11. Ng3 Nxe5 12. dxe5 Nd7 13. h4 Qc7 14.
Bg2 Nxe5 15. O-O Bd6 16. Nh5 O-O-O 17. a3 bxa3 18. bxa3 g6 19. Nf6 Nd7 20. Bg5 h6 21. Nxd5 exd5 22. Bxd8 Qxd8 23. Bxd5 Nb6 24. Bxb7+ Kxb7 25.
Rb1 Ka7 26. Qd4 Bc7 27. Rfd1 Qxd4 28. Rxd4 Rd8 29. Rxd8 Bxd8 30. h5 gxh5 31. gxh5 Be7 32. Kg2 Bxa3 33. Kf3 a5 34. Rb5 a4 35. Ke4 Ka6 36. Rb1 c3 37. Kd3 Bb2 38. Ke4 a3 39. Kf5 a2 40. Rh1 Nc4 41. Kf6 Na3 42. Kxf7 Nb1 43.
Kg6 a1=Q 44. Kxh6 Qa4 45. Rxb1 Qxc2 46. Rg1 Qxf2 47. Rg6+ Kb5 48. Kg7 c2+ 49. Kh7 c1=Q 50. h6 Qf7+ 51. Rg7 Qc2+ 52. e4 Qxe4+ 53. Kh8 Qee8+ 54. Kh7 Qeg8# 0-1

[Event "Early-Titled-Tuesday-Blitz-May-28-2024"]
[Site "Chess.com"]
[Date "2024.05.28"]
[Round "7"]
[White "dmosesov"]
[Black "Zhigalko_Sergei"]
[Result "0-1"]
[WhiteElo "2661"]
[BlackElo "2899"]
[TimeControl "180+1"]
[EndTime "9:19:03 PDT"]
[Termination "Zhigalko_Sergei won by resignation"]

1. e4 c5 2. Nf3 Nc6 3. Bc4 Nf6 4. e5 d5 5. Bb5 Nd7 6. Bxc6 bxc6 7. d3 g6 8. Qe2 Bg7 9. h4 f6 10. exf6 Nxf6 11. Ne5 Qc7 12. h5 gxh5 13. Nd2 Bg4 14. Ndf3 Qc8 15. Bf4 O-O 16. Bg3 a5 17. O-O-O a4 18.
a3 Rb8 19. c3 Rb3 20. Nxg4 hxg4 21. Ng5 Qf5 22. Ne6 Re8 23. Nxc5 Rb5 24. Ne6 Nd7 25. Nxg7 Kxg7 26. Rh4 h5 27. Rdh1 Nc5 28. Qe5+ Qxe5 29.
Bxe5+ Kg6 30. Kc2 Nd7 31. Bf4 e5 32. Bd2 Nf6 33. f3 Reb8 34. Bc1 c5 35. fxg4 hxg4 36. Rh6+ Kg7 37. Rf1 R8b6 38. Rh4 c4 39. dxc4 dxc4 40. Rf5 Kg6 41. Rg5+ Kf7 42. Rh6 e4 43. Rxb5 Rxb5 44. Rh1 Rf5 45. Be3 g3 46. Bd4 Ng4 47. Re1 Rf2+ 48.
Kc1 e3 49. Bxe3 Nxe3 50. Rxe3 Rxg2 51. Re4 Rf2 52. Rf4+ Rxf4 0-1

[Event "Early-Titled-Tuesday-Blitz-May-28-2024"]
[Site "Chess.com"]
[Date "2024.05.28"]
[Round "7"]
[White "BashirliSaadat"]
[Black "ahkashefi2800"]
[Result "0-1"]
[WhiteElo "2377"]
[BlackElo "2553"]
[TimeControl "180+1"]
[EndTime "9:19:04 PDT"]
[Termination "ahkashefi2800 won by checkmate"]

1. d4 Nf6 2. c4 e6 3. Nc3 b6 4.
e3 Bb7 5. Nf3 Bb4 6. Bd3 Ne4 7.
Bd2 Bxc3 8. Bxc3 O-O 9. O-O f5 10. Nd2 Nxc3 11. bxc3 d6 12. Qe2 Nd7 13. e4 Qf6 14.
Rae1 f4 15. f3 e5 16. Nb3 a5 17. a4 Bc6 18. Qa2 Kh8 19. Rd1 g5 20. h3 h5 21.
Kf2 Rg8 22. Ke2 Raf8 23. Rh1 Kg7 24. Rdf1 Rh8 25. Kd2 Qf7 26. Nc1 Rfg8 27. Ne2 Nf8 28. Qb3 Qe8 29. Ra1 Ne6 30. Qa3 Bd7 31. Kc2 Kf6 32. Kd2 g4 33. hxg4 hxg4 34. Bc2 gxf3 35. Rxh8 fxe2 36. Rh2 Rg3 37. d5 Nc5 38. Rah1 Bxa4 39.
Rh8 Qxh8 40. Rxh8 Bxc2 41. Rh2 Bd3 42. Qc1 Nxe4+ 43. Ke1 Kg6 44. Rh3 Rxg2 45. Rh1 f3 46. Qe3 f2+ 47. Qxf2 Rxf2 48. Rg1+ Kf6 49. Rh1 Rf1+ 50.
Rxf1+ exf1=Q# 0-1

[Event "Early-Titled-Tuesday-Blitz-May-28-2024"]
[Site "Chess.com"]
[Date "2024.05.28"]
[Round "7"]
[White "agvega14"]
[Black "Qvalda"]
[Result "0-1"]
[WhiteElo "2247"]
[BlackElo "2411"]
[TimeControl "180+1"]
[EndTime "9:19:05 PDT"]
[Termination "Qvalda won on time"]

1. e4 d5 2. exd5 Qxd5 3. Nc3 Qd8 4. d4 Nf6 5. h3 g6 6. Nf3 Bg7 7. Bc4 O-O 8. O-O Nc6 9. Be3 a6 10. a3 b5 11. Ba2 Bb7 12. Qe2 e6 13. Rad1 Ne7 14.
Ne5 Ned5 15. Bg5 Qc8 16. Rd3 Nxc3 17. bxc3 Ne4 18. Bf4 c5 19. dxc5 Qxc5 20. Nd7 Qc6 21. f3 Nxc3 22. Rxc3 Qxc3 23. Nxf8 Rxf8 24. Bb3 Bd5 25. Bd6 Bxf3 26. Rxf3 Qd4+ 27. Kh1 Qxd6 28. Rd3 Qxa3 29. Bxe6 Qa1+ 30. Rd1 Qe5 31. Qxe5 Bxe5 32. Bg4 b4 33. Be2 a5 34. Bb5 Rb8 35. Ba4 Bc3 36.
Kg1 Kg7 37. Kf2 Rc8 38. Kf3 Rc5 39. Rd7 h5 40. Bb3 Rf5+ 41. Ke4 Rf2 42. g4 hxg4 43. hxg4 Rf1 44. Ra7 g5 45. Rb7 Rf4+ 46. Ke3 Kg6 47.
Rb6+ f6 48. Be6 Rf1 49. Bf5+ Kf7 50. Rb7+ Ke8 51. Ra7 Ra1 52. Bd7+ Ke7 53. Ke4 Kd6 54. Kf5 Kc5 55. Be6 Kb6 56. Ra8 Kb7 0-1

[Event "Early-Titled-Tuesday-Blitz-May-28-2024"]
[Site "Chess.com"]
[Date "2024.05.28"]
[Round "7"]
[White "N_I_Chess"]
[Black "chessburger_tv"]
[Result "0-1"]
[WhiteElo "2229"]
[BlackElo "2389"]
[TimeControl "180+1"]
[EndTime "9:19:06 PDT"]
[Termination "chessburger_tv won on time"]

1. d4 b5 2. e4 Bb7 3. Bd3 a6 4. Ne2 g6 5. O-O Bg7 6. Be3 d6 7. c3 Nd7 8. f4 Ngf6 9. e5 Ng4 10. Bd2 dxe5 11. Ng3 Ndf6 12. fxe5 Qd5 13. Qe2 Nh5 14.
Re1 Nxg3 15. hxg3 h5 16. Be4 Qxe4 17. Qxe4 Bxe4 18. Rxe4 e6 19. Bg5 Bh6 20. Bxh6 Nxh6 21. Nd2 Nf5 22. Kf2 Ke7 23. Nb3 Rhd8 24. Nc5 Rd5 25.
Rh1 a5 26. g4 hxg4 27. Rxg4 b4 28. Rh7 bxc3 29. bxc3 Rb8 30. Rxg6 Rb2+ 31. Kf3 Rxc5 32. dxc5 Rc2 33. Rg8 Rxc3+ 34. Kf2 Rxc5 35. Ra8 Rc2+ 36.
Kg1 Rxa2 37. Ra7 Rc2 38. Rxa5 Ne3 39. Rg7 Nd5 40. Ra3 Re2 41. Rf3 Rxe5 42. Rfxf7+ Kd6 43. Rd7+ Kc5 44. Rd8 Kd4 45. Ra8 c5 46. Ra1 Nc3 47.
g4 Re4 48. g5 c4 49. g6 Ke3 50. Kh2 Ne2 51. Rh7 Kf2 52. g7 Rg4 0-1

[Event "Early-Titled-Tuesday-Blitz-May-28-2024"]
[Site "Chess.com"]
[Date "2024.05.28"]
[Round "7"]
[White "Rsnr"]
[Black "Bykov_Egor"]
[Result "1-0"]
[WhiteElo "2901"]
[BlackElo "2657"]
[TimeControl "180+1"]
[EndTime "9:19:07 PDT"]
[Termination "Rsnr won by resignation"]

1. d4 Nf6 2. c4 c6 3. Nf3 d5 4. Qc2 g6 5. Bf4 Bf5 6. Qb3 Qb6 7. e3 Qxb3 8. axb3 Na6 9. cxd5 Nb4 10. dxc6 Nc2+ 11.
Kd1 Nxa1 12. cxb7 Rd8 13. Bb5+ Bd7 14. Bc4 Ne4 15. Ke2 Nd6 16. Na3 Rb8 17. Rxa1 Rxb7 18. Bxd6 exd6 19. Bd5 Rc7 20. Nd2 Be7 21. Ne4 Be6 22.
Nb5 Rc2+ 23. Kd3 Bxd5 24. Nexd6+ Bxd6 25. Nxd6+ Kd7 26. Kxc2 Kxd6 27. Ra6+ Kc7 28. Rxa7+ Kb6 29. Rd7 Rc8+ 30. Kd3 Bxb3 31. d5 Rc7 32. Rxc7 Kxc7 33.
Kd4 Kd6 34. e4 g5 35. e5+ Kc7 36. f3 h5 37. g3 Kb6 38. f4 gxf4 39. gxf4 Ba2 40.
f5 Kc7 41. Kc5 Bb1 42. f6 Kd7 43. b4 Bd3 44. b5 Be2 45. b6 Ba6 46. e6+ fxe6 47.
f7 Ke7 48. dxe6 Bc8 49. Kd4 Bb7 50. Ke5 Bc6 51. Kf5 Bd5 52. Kg6 Bxe6 53. b7 Bxf7+ 54. Kg7 1-0

[Event "Early-Titled-Tuesday-Blitz-May-28-2024"]
[Site "Chess.com"]
[Date "2024.05.28"]
[Round "7"]
[White "emeli_chess"]
[Black "zverr1"]
[Result "1-0"]
[WhiteElo "2442"]
[BlackElo "2608"]
[TimeControl "180+1"]
[EndTime "9:19:08 PDT"]
[Termination "emeli_chess won by checkmate"]

1. d4 Nf6 2. c4 g6 3. Nc3 d5 4. cxd5 Nxd5 5. e4 Nxc3 6. bxc3 Bg7 7. Be3 O-O 8. Qd2 e5 9. d5 f5 10. f3 Qd6 11. c4 Nd7 12. Bd3 Nc5 13. Ne2 fxe4 14.
Bxe4 Nxe4 15. fxe4 b6 16. O-O-O Ba6 17. Qc3 Rfe8 18. Rhf1 Bf8 19. Kb1 c5 20. Rf3 Bg7 21. Rdf1 Rf8 22. Bg5 Rab8 23. Rxf8+ Rxf8 24. Rxf8+ Bxf8 25. Nc1 Bg7 26. Nd3 h6 27. Bh4 Qf8 28. Bf2 Qf6 29.
Kc2 Kh7 30. Kb3 Qg5 31. Bg3 Qe3 32. Bxe5 Bxe5 33. Nxe5 Qxe4 34. Nd7 Qb1+ 35. Ka3 h5 36. h4 Qf5 37. Nf6+ Kh6 38. Ng4+ Kh7 39. Nf6+ Kg7 40. Nxh5+ Kf8 41. Nf6 Kf7 42. Nh7 Qh5 43. Ng5+ Kg8 44.
Qf6 Qh6 45. Qf7+ Kh8 46. Qe8+ Kg7 47. Ne6+ Kf6 48. Qd8+ Ke5 49. Qc7+ Ke4 50. Qxa7 Qe3+ 51. Ka4 Bxc4 52. Qxb6 Qd2 53. Qxc5 Qxa2+ 54. Kb4 Qb3+ 55. Ka5 Bxd5 56. Qd4+ Kf5 57. Ng7# 1-0

[Event "Early-Titled-Tuesday-Blitz-May-28-2024"]
[Site "Chess.com"]
[Date "2024.05.28"]
[Round "7"]
[White "Massakru"]
[Black "Grebeniuk-S"]
[Result "0-1"]
[WhiteElo "2367"]
[BlackElo "2645"]
[TimeControl "180+1"]
[EndTime "9:19:09 PDT"]
[Termination "Grebeniuk-S won by resignation"]

1. e4 c5 2. Nf3 Nc6 3. c3 Nf6 4. e5 Nd5 5. Bc4 Nb6 6. Bb3 c4 7. Bc2 d6 8. exd6 Qxd6 9. O-O Bg4 10. Re1 e6 11. b3 cxb3 12. axb3 Be7 13. d4 O-O 14.
Ba3 Qc7 15. Bxe7 Qxe7 16. Nbd2 Nd5 17. c4 Nf4 18. d5 Nd4 19. Re4 Nxc2 20. Qxc2 Bf5 21.
Rae1 Qb4 22. c5 Qa5 23. b4 Qd8 24. d6 Nd5 25. Qc4 a5 26. b5 Bxe4 27. Nxe4 Rc8 28. Qd4 h6 29. Ne5 f5 30. Ng3 b6 31.
Ng6 bxc5 32. Qe5 Rf6 33. Ne7+ Nxe7 34. dxe7 Qxe7 35. Nxf5 Qf8 36. Nd6 Rb8 37. Ne4 Rg6 38. Qxc5 Qxc5 39. Nxc5 Rxb5 40. Nd7 a4 41. Ne5 Rg5 42.
Nf3 Rgc5 43. h4 a3 44. Ra1 Ra5 45. Ra2 Rcb5 46. Nd4 Rb1+ 47. Kh2 Rb2 48. Ra1 a2 49. Kg3 Rb1 50. Nc2 Rxa1 51. Nxa1 Rc5 52. Nb3 Rc2 53. f3 Rc3 54. Na1 Rc1 55. Nb3 a1=Q 56. Nxa1 Rxa1 57. Kg4 Ra4+ 58. Kh3 Kh7 59. g4 g5 60. Kg3 Kg6 61. h5+ Kf6 62. f4 Rxf4 0-1

[Event "Early-Titled-Tuesday-Blitz-May-28-2024"]
[Site "Chess.com"]
[Date "2024.05.28"]
[Round "7"]
[White "MITerryble"]
[Black "youngKID"]
[Result "0-1"]
[WhiteElo "3015"]
[BlackElo "2891"]
[TimeControl "180+1"]
[EndTime "9:19:10 PDT"]
[Termination "youngKID won by resignation"]

1. c4 e5 2. Nc3 Nc6 3. Nf3 f5 4.
g3 Nf6 5. d4 e4 6. Nh4 d5 7. Bg5 Bb4 8. e3 Be6 9. Qb3 O-O 10. cxd5 Qxd5 11. Bxf6 Qxb3 12. axb3 Rxf6 13. Bc4 Ne7 14. Ke2 c6 15. Rhc1 a6 16. Ng2 g5 17.
h4 h6 18. hxg5 hxg5 19. Rh1 Nd5 20. Bxd5 cxd5 21. Rh5 Rg6 22. Rah1 Kf7 23. Rh7+ Rg7 24. R1h6 Bf8 25. Na4 Rc8 26. Kd2 Bb4+ 27. Kd1 Rc6 28. Nc5 Bxc5 29. dxc5 b6 30. cxb6 Rxb6 31. Kc1 Rxh7 32.
Rxh7+ Kg6 33. Rc7 Kf6 34. Ne1 d4 35. exd4 Bxb3 36. Ng2 Rd6 37. Rc3 Be6 38. Ra3 Bc4 39. Ne3 Bb5 40. Rc3 f4 41. gxf4 gxf4 42. Nc2 Kf5 43.
Rc5+ Kg4 44. Kd2 Bd3 45. Ne1 Rxd4 46. f3+ Kg3 47. fxe4 Bxe4+ 48. Kc3 Rd1 49. Rg5+ Kf2 50. Rg4 Ke3 51. Nc2+ Bxc2 52. Kxc2 Rd6 53. Rg5 f3 54. Re5+ Kf4 55. Re8 f2 0-1

[Event "Early-Titled-Tuesday-Blitz-May-28-2024"]
[Site "Chess.com"]
[Date "2024.05.28"]
[Round "7"]
[White "Viktor_Poddubnyi"]
[Black "Bilan_Danila"]
[Result "0-1"]
[WhiteElo "2313"]
[BlackElo "2545"]
[TimeControl "180+1"]
[EndTime "9:19:10 PDT"]
[Termination "Bilan_Danila won on time"]

1. e4 c6 2. d4 d5 3. exd5 cxd5 4.
c4 Nc6 5. cxd5 Qxd5 6. Nf3 Nf6 7. Nc3 Qd8 8. d5 Nb8 9. Bb5+ Bd7 10. Bc4 g6 11.
O-O Bg7 12. Qb3 Qb6 13. Qxb6 axb6 14. Be3 b5 15. Nxb5 Nxd5 16. Bxd5 Bxb5 17. Bxb7 Ra4 18.
Rfe1 O-O 19. b3 Rg4 20. h3 Rb4 21. Bc5 Bxa1 22. Bxb4 Bg7 23. Bxe7 Re8 24. a4 Bc6 25. Bxc6 Nxc6 26. Bc5 Rb8 27. Re3 Bf8 28. Bxf8 Kxf8 29. Rc3 Na5 30. Nd4 Rb4 31. Rd3 Ke7 32. Kf1 Kf6 33. Ke2 Ke5 34. Ke3 g5 35. g3 f5 36. f4+ gxf4+ 37. gxf4+ Kf6 38. Rc3 Rb6 39.
Kd3 Nb7 40. Rc6+ Rxc6 41. Nxc6 Nc5+ 42. Kc4 Ne6 43. a5 Nc7 44. b4 Ke6 45. Kc5 Kd7 46.
Ne5+ Kc8 47. b5 Ne6+ 48. Kb6 Nxf4 49. a6 Ne6 50. Kc6 Nc7 51. Nc4 f4 52. Ne5 h5 53. Kb6 Nd5+ 54. Kc5 Nc7 0-1

[Event "Early-Titled-Tuesday-Blitz-May-28-2024"]
[Site "Chess.com"]
[Date "2024.05.28"]
[Round "7"]
[White "eagleclaw07"]
[Black "Shankland"]
[Result "1-0"]
[WhiteElo "2851"]
[BlackElo "2978"]
[TimeControl "180+1"]
[EndTime "9:19:11 PDT"]
[Termination "eagleclaw07 won by resignation"]

1. d4 d5 2. c4 c6 3. Nf3 Nf6 4. e3 e6 5. Bd3 Nbd7 6. O-O Be7 7.
Nbd2 b6 8. b3 Bb7 9. Bb2 O-O 10.
Qe2 Qc7 11. Rac1 Rad8 12. cxd5 exd5 13. Ne5 Rfe8 14. f4 c5 15. Rf3 g6 16. Rcf1 c4 17. bxc4 dxc4 18. Bxc4 Nxe5 19. fxe5 Bxf3 20. Qxf3 Rf8 21.
exf6 Bb4 22. Qh3 h5 23. Rf5 Qc8 24. Rxh5 Qxh3 25. Rxh3 Bxd2 26. e4 Rc8 27. Bb3 Rfd8 28. e5 Bc1 29. Ba1 Ba3 30. Bc3 a5 31. e6 Rc7 32.
exf7+ Rxf7 33. Rh6 a4 34. Rxg6+ Kf8 35. Be6 b5 36. d5 b4 37. Bd4 b3 38. axb3 axb3 39. Rg7 Rxg7 40. fxg7+ Ke7 41. g8=Q Rxg8 42. Bxg8 b2 43.
Bxb2 Bxb2 44. Kf2 Kf6 45. Kf3 Be5 46. h3 Kg5 47. g3 Bd6 48. Be6 Kf6 49. Kg4 Be5 50.
Kh4 Bd6 51. g4 Kg6 52. Bf5+ Kf6 53. Kh5 Be7 54. h4 Ke5 55. Be6 Kf4 56. g5 Bd8 57. Kg6 1-0

[Event "Early-Titled-Tuesday-Blitz-May-28-2024"]
[Site "Chess.com"]
[Date "2024.05.28"]
[Round "7"]
[White "mbojan"]
[Black "Bauman_Guy"]
[Result "0-1"]
[WhiteElo "2904"]
[BlackElo "2935"]
[TimeControl "180+1"]
[EndTime "9:19:12 PDT"]
[Termination "Bauman_Guy won by resignation"]

1. Nf3 Nf6 2. g3 d5 3. Bg2 c6 4.
O-O Bg4 5. h3 Bh5 6. d3 Nbd7 7.
Qe1 e5 8. e4 dxe4 9. dxe4 Bd6 10. a4 O-O 11. Nbd2 Re8 12. Nc4 Bf8 13. Bd2 Qc7 14. Bc3 b5 15. Ba5 Qb7 16. Ncd2 Nc5 17. axb5 cxb5 18. Nh4 Rec8 19. Nf5 b4 20. Nc4 Rcb8 21.
Nxe5 Nfxe4 22. Nd3 Qb5 23. Nxc5 Nxc5 24. Bxa8 Rxa8 25.
Qxb4 Qd7 26. Qf4 Bg6 27. Ne3 Qxh3 28. Bb4 Ne6 29. Qc4 Ng5 30. Qg4 Qxg4 31. Nxg4 Bxb4 32. Ne3 Nf3+ 33. Kg2 Be4 34. Kh3 Bc5 35. Rfd1 h5 36.
c3 Rb8 37. Ra2 g6 38. b4 Bxe3 39. fxe3 Rc8 40. Rc1 Ne5 41. Rxa7 Nd3 42. Rf1 Bf5+ 43. Rxf5 gxf5 44. Ra5 Kg7 45. Rxf5 Kg6 46. Rf3 Rxc3 47.
e4 Rb3 48. b5 Nc5 49. Rxb3 Nxb3 50. b6 Nc5 51. Kh4 Nb7 52. g4 hxg4 53. Kxg4 Kf6 54. Kf4 Ke6 55. Kg5 Ke5 56. Kg4 Kxe4 57. Kg5 f5 58. Kf6 f4 59. Ke6 f3 60. Kd7 f2 61. Kc6 Na5+ 62. Kb5 f1=Q+ 0-1